 Dungeon Crawl Stone Soup version 0.31.0-9-g3a7656b989 (webtiles) character file.

Game seed: 16116702547764758033

784 qw the Skirmisher (level 7, -1/40 HPs)
             Began as a Deep Elf Hunter on Feb 2, 2024.
             Succumbed to a gnoll's poison
             ... on level 5 of the Dungeon.
             The game lasted 00:00:16 (3957 turns).

qw the Skirmisher (Deep Elf Hunter)                 Turns: 3957, Time: 00:00:17

Health: -1/40      AC:  8    Str: 16    XL:     7   Next: 55%
Magic:  9/9        EV: 12    Int: 14    God:
Gold:   324        SH:  0    Dex: 18    Spells: 6/6 levels left

rFire   . . .        a - +0 shortbow
rCold   . . .        (shield currently unavailable)
rNeg    . . .        i - +0 ring mail
rPois   +            c - +2 helmet
rElec   .            g - scarf of the Harp {+Inv, Will+}
rCorr   .            (no gloves)
SInv    .            (no boots)
Will    +....        (no amulet)
Stlth   +            o - +6 ring of strength
HPRegen 0.26/turn    n - ring of poison resistance
MPRegen 0.11/turn

%: no passive effects
@: lethally poisoned (-1 -> -8), about to teleport
A: no striking features
a: Evoke Invisibility


You were on level 5 of the Dungeon.
You visited 1 branch of the dungeon, and saw 5 of its levels.

You collected 324 gold pieces.


   Skills:
 - Level 2.0 Fighting
 + Level 11.2 Ranged Weapons
 - Level 1.3 Armour
 - Level 4.0 Dodging
 - Level 1.2 Stealth


You had 6 spell levels left.
You didn't know any spells.
Your spell library was empty.

Inventory:

Hand Weapons
 a - a +0 shortbow (weapon)
Armour
 c - a +2 helmet (worn)
 g - the scarf of the Harp (worn) {+Inv, Will+}
   (You found it on level 3 of the Dungeon)

   Will+:     It increases your willpower.
 i - a +0 ring mail (worn)
 q - a +0 pair of boots
Jewellery
 h - an amulet of guardian spirit
 n - a ring of poison resistance (right hand)
 o - a +6 ring of strength (left hand)
 Y - a ring of resist corrosion
Wands
 l - a wand of light (19)
Potions
 d - 2 potions of brilliance {unknown}
 e - a potion of lignification {unknown}
 f - a potion of haste {unknown}
 j - a potion of berserk rage {unknown}
 k - a potion of heal wounds {unknown}
 m - a potion of curing {unknown}
 p - 3 potions of attraction {unknown}

Dungeon Overview and Level Annotations

Branches:
Dungeon (5/15)
 Temple: D:4-7

Altars:
Ashenzari
Ru

Shops:
D:2 :

Annotations:
D:3 1 runed translucent door, Crazy Yiuf


Message History

You shoot an arrow.
The arrow hits the gnoll bouda but does no damage.
You shoot an arrow.
The arrow closely misses the gnoll bouda.
The gnoll hits you from afar with a +2 halberd of venom.
You are poisoned.
The gnoll bouda misses you.
You shoot an arrow. The arrow hits the gnoll bouda!
The gnoll bouda is heavily wounded.
You feel very sick.
The gnoll hits you from afar with a +2 halberd of venom.
You are more poisoned.
The gnoll bouda barely misses you.
You shoot an arrow. The arrow hits the gnoll bouda!
The gnoll bouda is almost dead.
You feel very sick. The gnoll closely misses you. The gnoll bouda misses you.
You shoot an arrow.
The arrow hits the gnoll bouda but does no damage.
The gnoll bouda is almost dead.
You feel very sick.
The gnoll hits you from afar with a +2 halberd of venom.
You are lethally poisoned!
The gnoll bouda closely misses you.
You shoot an arrow. The arrow hits the gnoll bouda.
You kill the gnoll bouda!
You feel very sick. The gnoll misses you.
You shoot an arrow. The arrow barely misses the gnoll.
You feel very sick.
The gnoll hits you from afar with a +2 halberd of venom!
3956 ||| READING scroll of teleportation.
As you read the scroll of teleportation, it crumbles to dust.
You feel strangely unstable.
You feel very sick. The gnoll barely misses you.
You shoot an arrow. The arrow hits the gnoll!
The gnoll is severely wounded.
Your attacks no longer feel as feeble.
You die...

### ... #.#
#.#
##.#######
#..$gg....
#(@# #..#
#..# #..#
#..#
#..#########
#...........
#..<########
#...#


You could see 2 gnolls.

Vanquished Creatures
  Sigmund (D:3)
  A centaur (D:3)
  A scorpion (D:4)
  A howler monkey (D:5)
  2 hounds
  A gnoll bouda (D:5)
  2 iguanas
  4 orc wizards
  A sleepcap (D:5)
  Robin (D:3)
  5 gnolls
  4 adders
  4 dart slugs
  A ribbon worm (D:4)
  6 orcs
  2 ball pythons
  8 endoplasms
  4 giant cockroaches
  5 hobgoblins
  4 jackals
  2 kobolds
  2 quokkas
  5 bats
  2 frilled lizards
  15 goblins
  5 rats
89 creatures vanquished.

Notes
Turn   | Place    | Note
-------+----------+-------------------------------------------
     0 | D:1      | qw the Deep Elf Hunter began the quest for the Orb.
     0 | D:1      | Reached XP level 1. HP: 12/12 MP: 3/3
     0 | D:1      | 0 ||| qw: Version: 0.3-a-155-g5e7d8dd
     0 | D:1      | 0 ||| qw: Game counter: 1509
     0 | D:1      | 0 ||| qw: Melee chars always use a shield: true
     0 | D:1      | 0 ||| qw: God list: Okawaru
     0 | D:1      | 0 ||| qw: Allow faded altars: false
     0 | D:1      | 0 ||| qw: Do Orc after clearing Dungeon:15 true
     0 | D:1      | 0 ||| qw: Do second Lair branch before Depths: true
     0 | D:1      | 0 ||| qw: Lair rune preference: random
     0 | D:1      | 0 ||| qw: Goals: Normal
     0 | D:1      | 0 ||| PLANNING D:1-11
    45 | D:1      | Found a faded altar of an unknown god.
   121 | D:1      | Reached XP level 2. HP: 16/16 MP: 4/4
   134 | D:1      | Reached skill level 6 in Ranged Weapons
   545 | D:1      | Reached XP level 3. HP: 19/20 MP: 5/5
   580 | D:1      | 580 ||| UPGRADING to +0 scale mail.
   590 | D:1      | 590 ||| DROPPING +0 leather armour.
   591 | D:1      | 591 ||| READING scroll labelled BAFFIU REORIP.
   592 | D:1      | 592 ||| READING scroll labelled XEERUBBUGEGG.
   597 | D:1      | 597 ||| READING scroll labelled XOTHIANNIWACAS.
   598 | D:1      | 598 ||| DROPPING scroll of butterflies.
   600 | D:1      | 600 ||| Stepping ~*~*~tactically~*~*~ (cloud).
   605 | D:1      | HP: 5/20 [poisoned by you (poison gas)]
   689 | D:2      | Found Deruum's Book Shop.
   722 | D:2      | 722 ||| FLEEEEING.
   723 | D:2      | 723 ||| FLEEEEING.
   729 | D:2      | 729 ||| STAIRDANCE
   744 | D:2      | Reached skill level 7 in Ranged Weapons
  1364 | D:2      | 1364 ||| UPGRADING to +0 ring mail.
  1374 | D:2      | 1374 ||| DROPPING +0 scale mail.
  1375 | D:2      | 1375 ||| UPGRADING to ring of resist corrosion.
  1446 | D:3      | Reached XP level 4. HP: 10/25 MP: 6/6
  1449 | D:3      | HP: 6/25 [poisoned by an adder]
  1574 | D:3      | Identified the scarf of the Harp {+Inv, Will+}
  1659 | D:3      | Noticed a centaur
  1660 | D:3      | 1660 ||| ZAPPING wand of light (26) at -1,5 (centaur;
                  | floor).
  1661 | D:3      | 1661 ||| ZAPPING wand of light (25) at -1,5 (centaur;
                  | floor).
  1661 | D:3      | Killed a centaur
  1662 | D:3      | Reached skill level 8 in Ranged Weapons
  1662 | D:3      | Reached XP level 5. HP: 24/29 MP: 7/7
  1664 | D:3      | 1664 ||| FLEEEEING.
  1665 | D:3      | 1665 ||| FLEEEEING.
  1706 | D:3      | Noticed Sigmund
  1708 | D:3      | 1708 ||| ZAPPING wand of light (24) at 1,4 (Sigmund;
                  | floor).
  1709 | D:3      | 1709 ||| ZAPPING wand of light (23) at 1,3 (Sigmund;
                  | floor).
  1710 | D:3      | 1710 ||| ZAPPING wand of light (22) at 0,2 (Sigmund;
                  | floor).
  1711 | D:3      | 1711 ||| ZAPPING wand of light (21) at 0,2 (Sigmund;
                  | floor).
  1712 | D:3      | 1712 ||| ZAPPING wand of light (20) at 0,2 (Sigmund;
                  | floor).
  1712 | D:3      | Killed Sigmund
  1713 | D:3      | Reached skill level 9 in Ranged Weapons
  1713 | D:3      | Reached XP level 6. HP: 23/34 MP: 8/8
  1785 | D:3      | Noticed Robin
  1803 | D:3      | HP: 7/34 [hobgoblin[Robin] (2)]
  1804 | D:3      | 1804 ||| READING scroll of teleportation.
  1805 | D:3      | HP: 3/34 [goblin/+0 dagger[Robin] (4)]
  1806 | D:3      | Killed Robin
  2283 | D:3      | Found a runed translucent door.
  2284 | D:3      | Noticed Crazy Yiuf
  2344 | D:3      | Reached skill level 10 in Ranged Weapons
  2458 | D:3      | 2458 ||| UPGRADING to +2 helmet.
  2463 | D:3      | 2463 ||| UPGRADING to scarf of the Harp {+Inv, Will+}.
  2468 | D:3      | 2468 ||| READING scroll labelled SITHRA ROBOTUR.
  2572 | D:4      | Reached skill level 3 in Dodging
  2735 | D:4      | Reached skill level 1 in Armour
  2778 | D:4      | Reached XP level 7. HP: 40/40 MP: 9/9
  2919 | D:4      | Found a broken altar of Ashenzari.
  3012 | D:4      | Found a sacrificial altar of Ru.
  3036 | D:4      | Identified the +6 short sword "Wiydud Idua" {freeze, rN+++
                  | Str-4 Dex-2 SInv}
  3143 | D:4      | HP: 4/40 [something/magic dart (12)]
  3518 | D:4      | 3518 ||| UPGRADING to ring of poison resistance.
  3519 | D:4      | 3519 ||| UPGRADING to +6 ring of strength.
  3521 | D:4      | 3521 ||| READING scroll labelled RAPLUPP OQEMMUC.
  3521 | D:4      | 3521 ||| IDENTIFYING metallic ruby potion
  3522 | D:4      | 3522 ||| DROPPING potion of ambrosia.
  3551 | D:5      | Entered Level 5 of the Dungeon
  3872 | D:5      | Reached skill level 11 in Ranged Weapons
  3955 | D:5      | HP: 10/40 [poisoned by a gnoll]
  3955 | D:5      | HP: 3/40 [gnoll/+2 halberd of venom[a gnoll bouda] (7)]
  3956 | D:5      | 3956 ||| READING scroll of teleportation.
  3956 | D:5      | HP: 1/40 [poisoned by a gnoll]
  3957 | D:5      | Succumbed to a gnoll's poison

Levels and vault maps discovered:
D:1:      saegor_arrival_simple_a, layout_rooms, nicolae_ecumenical_lake_church,
          minivault_4, minmay_misc_feat_chi, chequers_decorated_corner
D:2:      minmay_spotlight, layout_loops_ring, serial_shops, nicolae_shop_trees,
          serial_rivers, chequers_serial_rivers_micro_b,
          chequers_serial_rivers_room_b, chequers_serial_rivers_small_b,
          chequers_serial_rivers_small_a, chequers_serial_rivers_room_b,
          chequers_serial_rivers_marsh, grunt_decor_resistance
D:3:      layout_basic, uniq_robin, uniq_crazy_yiuf_cottage, uniq_sigmund
D:4:      layout_cave_pods, mainiacjoe_overflow_surrounded_room,
          nicolae_ru_sacrificial_ziggurat
D:5:      layout_loops_ring, vehumet_crystals, marbit_many_paths

Skill      XL: |  1  2  3  4  5  6  7 |
---------------+----------------------+-----
Ranged Weapons | 6 7 8 9 10 11 | 11.2
Fighting       | 2 |  2.0
Dodging        | 3 4 |  4.0
Armour         | 1 |  1.3
Stealth        | |  1.2

Action                     |  1- 3 |  4- 6 |  7- 9 || total
---------------------------+-------+-------+-------++-------
   Fire: Shortbow          |   128 |   134 |    92 ||   354
  Evoke: Wand              |       |     7 |       ||     7
    Use: Scroll            |     3 |     2 |     2 ||     7
 Armour: Leather armour    |    12 |       |       ||    12
         Scale mail        |    23 |       |       ||    23
         Ring mail         |     9 |    51 |    40 ||   100
  Dodge: Dodged            |    38 |    36 |    20 ||    94

Table legend:
 A = Non-vault XP
 B = Vault XP
 C = Vault XP percentage of total XP
 D = Non-vault monster count
 E = Vault monster count
 F = Vault count percentage of total count
                 A         B        C        D         E       F
            +---------+---------+-------+---------+---------+-------
      Total |     863 |     258 |  23.0 |      77 |      12 |  13.5
            +---------+---------+-------+---------+---------+-------
        D:1 |      47 |       0 |   0.0 |      25 |       0 |   0.0
        D:2 |      34 |       9 |  20.9 |      12 |       4 |  25.0
        D:3 |     217 |     249 |  53.4 |      14 |       8 |  36.4
        D:4 |     324 |       0 |   0.0 |      18 |       0 |   0.0
        D:5 |     241 |       0 |   0.0 |       8 |       0 |   0.0
            +---------+---------+-------+---------+---------+-------
